 Dungeon Crawl Stone Soup version 0.28.0-49-g6dfe1f597d (webtiles) character file.

Game seed: 3987318127380802286

71 issech the Cudgeller (level 4, -3/44 HPs)
             Began as a Troll Monk on May 13, 2022.
             Slain by a wyvern skeleton (10 damage)
             ... on level 3 of the Dungeon.
             The game lasted 00:05:29 (1503 turns).

issech the Cudgeller (Troll Monk)                   Turns: 1503, Time: 00:05:29

Health: -3/44      AC:  4    Str: 19    XL:     4   Next: 5%
Magic:  3/3        EV:  9    Int:  6    God:
Gold:   90         SH:  6    Dex: 14    Spells: 3/3 levels left

rFire   . . .      SeeInvis .   a - +0 mace
rCold   . . .      Faith    .   q - +0 kite shield
rNeg    . . .      Spirit   .   b - +0 robe
rPois   .          Reflect  .   (helmet restricted)
rElec   .          Harm     .   (no cloak)
rCorr   .          Rampage  .   (gloves unavailable)
Will    .....                   (boots unavailable)
Stlth   ++........              (no amulet)
HPRegen 0.94/turn               (no ring)
MPRegen 0.08/turn               (no ring)

@: no status effects
A: large, unfitting armour, claws 3, regeneration 1, shaggy fur 1, tough skin 1
a: no special abilities


You were on level 3 of the Dungeon.
You visited 1 branch of the dungeon, and saw 3 of its levels.

You collected 90 gold pieces.

Inventory:

Hand Weapons
 a - a +0 mace (weapon)
 k - a +0 triple crossbow
Missiles
 c - 25 stones (quivered)
 e - 36 arrows
 h - 5 poisoned darts
Armour
 b - a +0 robe (worn)
 q - a +0 kite shield (worn)
Wands
 j - a wand of acid (11)
Scrolls
 d - a scroll of enchant armour {unknown}
 m - a scroll of identify {unknown}
 n - a scroll of fear {unknown}
 o - a scroll of teleportation {unknown}
Potions
 f - 2 potions of cancellation {unknown}
 g - 3 potions of degeneration {unknown}
 i - a potion of attraction {unknown}
 l - a potion of magic {unknown}
 p - a potion of curing {unknown}


   Skills:
 + Level 2.9 Fighting
 + Level 3.5 Maces & Flails
 + Level 3.0 Dodging
 + Level 1.1 Stealth


You had 3 spell levels left.
You didn't know any spells.
Your spell library contained the following spells:

 Spells                   Type           Power      Damage    Failure   Level
 Frozen Ramparts          Ice            0%         1d2       99%         3
 Ice Form                 Ice/Tmut       0%         N/A       100%        4
 Summon Ice Beast         Ice/Summ       0%         N/A       100%        4


Dungeon Overview and Level Annotations

Branches:
Dungeon (3/15)

Altars:

Annotations:
D:3 Ijyb


Innate Abilities, Weirdness & Mutations

You are too large for most types of armour.
You have claws for hands.
Your natural rate of healing is unusually fast.
You are covered in fur. (AC +1)
You have tough skin. (AC +1)


Message History

You barely miss Ijyb.
Ijyb is severely wounded.
You block Ijyb's attack.
You barely miss Ijyb.
Ijyb is severely wounded.
Ijyb hits you with a +0 club. x2
You hit Ijyb but do no damage.
Ijyb is severely wounded.
A wyvern skeleton comes into view.
Ijyb hits you with a +0 club.
You barely miss Ijyb.
Ijyb is severely wounded.
Ijyb closely misses you. Ijyb hits you with a +0 club.
You closely miss Ijyb.
Ijyb is severely wounded.
You block Ijyb's attack.
A goblin comes into view. It is wielding a +0 club.
The goblin shouts!
You hit Ijyb but do no damage.
Ijyb is severely wounded.
Ijyb completely misses you.
The goblin unwields a +0 club.
The goblin wields a +0 hunting sling.
The goblin shoots a stone.
The stone hits you but does no damage.
The wyvern skeleton bites you but does no damage.
You hit Ijyb.
Ijyb is severely wounded.
Ijyb barely misses you. You block the wyvern skeleton's attack.
Ijyb screams, "I cut your head off!" Ijyb hits you but does no damage.
The wyvern skeleton bites you!
You hit Ijyb but do no damage.
Ijyb is severely wounded.
The goblin shoots a stone.
You block the stone. The wyvern skeleton bites you!
* * * LOW HITPOINT WARNING * * *
Ijyb hits you with a +0 club.
* * * LOW HITPOINT WARNING * * *
The goblin shoots a stone.
The stone barely misses you.
You hit the wyvern skeleton.
The wyvern skeleton is lightly damaged.
The wyvern skeleton bites you!
You die...

#..# #.<# #..######
#........ #####
#..######
######...## #..#
.........####..#####
#.Z..............#
#.@....####.####.#
#.#g..## #...###.#
#.g..#.###
#.###.##.# #.####.#
#.# ##.#.# #... #.#
#. #...# #...##.#
#.# ##..##
##......## #.###.#.#
.........## #...##.#
###...8...# ##.###.#


You could see Ijyb, a goblin and a wyvern skeleton.

Vanquished Creatures
  2 adders (D:2)
  2 dart slugs (D:1)
  3 endoplasms (D:2)
  A giant cockroach (D:2)
  3 goblins
  5 hobgoblins
  4 jackals (D:1)
  3 quokkas (D:1)
  5 ball pythons
  7 bats
  3 frilled lizards
  3 kobolds (D:1)
  7 rats
48 creatures vanquished.

Notes
Turn   | Place    | Note
-------+----------+-------------------------------------------
     0 | D:1      | issech the Troll Monk began the quest for the Orb.
     0 | D:1      | Reached XP level 1. HP: 22/22 MP: 0/0
   141 | D:1      | Found a faded altar of an unknown god.
   162 | D:1      | Reached XP level 2. HP: 29/29 MP: 1/1
   563 | D:1      | Reached XP level 3. HP: 36/36 MP: 2/2
  1095 | D:2      | Identified the +2 helmet of Greater Demons {Str+4 SInv}
  1211 | D:2      | Reached XP level 4. HP: 41/44 MP: 3/3
  1478 | D:3      | Noticed Ijyb
  1503 | D:3      | Slain by a wyvern skeleton

Illustrated notes

Levels and vault maps discovered:
D:1:      lemuel_arrival_room, layout_basic, ebering_ecumenical_altar_mist
D:2:      layout_rooms, grunt_decor_mini_mirrors,
          corexii_item_surrounded_by_moat, minmay_between
D:3:      layout_loops_ring, serial_park_tiny_pond, grunt_ministairs_1,
          uniq_ijyb

Skill      XL: |  1  2  3 |
---------------+----------+-----
Maces & Flails | 3 |  3.5
Dodging        | 3 |  3.0
Fighting       | |  2.9
Stealth        | |  1.1

Action                   |  1- 3 |  4- 6 || total
-------------------------+-------+-------++-------
Melee: Mace              |   155 |    24 ||   179
       Punch             |     2 |       ||     2
Throw: Stone             |    10 |       ||    10
 Stab: Sleeping          |     2 |     1 ||     3
Armor: Robe              |    70 |     6 ||    76
Dodge: Dodged            |   105 |     5 ||   110
Block: Kite shield       |       |     8 ||     8
